 Dungeon Crawl Stone Soup version 0.30-a0-782-ge64f9170bb (webtiles) character file.

Game seed: 3524785947722582796

63 tilp the Slasher (level 4, -7/40 HPs)
             Began as a Meteoran Fighter on Feb 18, 2023.
             Mangled by an ogre
             ... wielding a +0 giant club
              (14 damage)
             ... on level 4 of the Dungeon.
             The game lasted 00:03:43 (949 turns).

tilp the Slasher (Meteoran Fighter)                  Turns: 949, Time: 00:03:44

Health: -7/40      AC:  6    Str: 18    XL:     4   Next: 55%
Magic:  5/5        EV: 10    Int:  9    God:
Gold:   72         SH:  5    Dex: 15    Spells: 3/3 levels left

rFire   . . .      SeeInvis .    a - +0 long sword
rCold   . . .      Faith    .    c - +0 buckler
rNeg    . . .      Spirit   .    b - +0 scale mail
rPois   .          Reflect  .    (no helmet)
rElec   .          Harm     .    (no cloak)
rCorr   .          Rampage  .    (no gloves)
Will    .....                    (no boots) Stlth
                                 g - amulet of regeneration
HPRegen 1.06/turn                (no ring)
MPRegen 0.09/turn                (no ring)

@: mighty, glowing
A: sense surroundings 1, otherworldly, glowing, explore regen
a: no special abilities


You were on level 4 of the Dungeon.
You visited 1 branch of the dungeon, and saw 4 of its levels.

You collected 72 gold pieces.

Inventory:

Hand Weapons
 a - a +0 long sword (weapon)
 X - the +1 quarterstaff of Leskosi {freeze, rF+ Str+3}
   (You found it on level 2 of the Dungeon)

   Str:       It affects your strength (+3).
   rF:        It protects you from fire.
Missiles
 k - 8 boomerangs (quivered)
Armour
 b - a +0 scale mail (worn)
 c - a +0 buckler (worn)
Jewellery
 g - an amulet of regeneration (around neck)
Scrolls
 e - a scroll of amnesia {unknown}
 h - 3 scrolls of teleportation {unknown}
 i - a scroll of enchant armour {unknown}
 j - a scroll of fog {unknown}
 l - a scroll of noise {unknown}
Potions
 d - a potion of might
 f - a potion of curing {unknown}
 m - a potion of brilliance {unknown}


   Skills:
 + Level 3.8 Fighting
 * Level 3.9 Long Blades
 + Level 0.7 Throwing
 - Level 3.6 Armour
 + Level 1.8 Dodging
 - Level 3.6 Shields


You had 3 spell levels left.
You didn't know any spells.
Your spell library contained the following spells:

 Spells                   Type           Power      Damage    Failure   Level
 Vhi's Electric Charge    Tloc/Air       0%         N/A       99%         3
 Arcjolt                  Conj/Air       0%         1d10      100%        5
 Maxwell's Capacitive Co  Air            0%         ∞         100%        8


Dungeon Overview and Level Annotations

Branches:
Dungeon (4/15) Zot: 1424
 Temple: D:4-7

Altars:
Gozag
Trog

Annotations:
D:4 Eustachio


Innate Abilities, Weirdness & Mutations

You passively map a small area around you.
You are easily found by Zot.
You glow in the dark.
You regain HP and MP as you explore.


Message History

The orc barely misses you.
You hit the orc.
You kill the orc!
The orc hits you with a +0 falchion.
You completely miss the orc. The orc completely misses you.
You hit the orc but do no damage. The orc hits you but does no damage.
You slash the orc!
You kill the orc!
No target in view!
No target in view!
There is an open door, spattered with blood here.
Items here: ))) [.
Okay, then.
You open the door.
There is an open door here.
There is an open door here.
As you open the door, it creaks loudly!
There is an open door here.
Found a golden potion.
There is a bloodstained altar of Trog here.
(D) Dungeon
Where to? (Enter - D:3 @ (x,y), ? - help)
There is an open door here.
There is a stone staircase leading down here.
You climb downwards.
Level annotation: Eustachio The ogre shouts!
There is a stone staircase leading up here.
An ogre is nearby!
Unknown command.
You feel very mighty all of a sudden.
You hit the ogre.
The ogre is moderately wounded.
The ogre hits you with a +0 giant club!!
Ouch! That really hurt!
* * * LOW HITPOINT WARNING * * *
You completely miss the ogre.
The ogre is moderately wounded.
The ogre hits you with a +0 giant club!
You die...

, * ##.## , ,,
* #...# #...# *
, #...# , #...#
*
#####...#######
.......O.......
, ,
......<@.......
...............
, , *
#####.#.#####.#
,* #.###. * #.#
# ** , * ## **
** , , *, , , *
* *


You could see an ogre.

Vanquished Creatures
  An orc priest (D:3)
  An adder (D:3)
  5 orcs (D:3)
  3 ball pythons
  A giant cockroach (D:3)
  2 goblins (D:3)
  A hobgoblin (D:3)
  2 quokkas (D:3)
  3 bats
  A frilled lizard (D:3)
20 creatures vanquished.

Notes
Turn   | Place    | Note
-------+----------+-------------------------------------------
     0 | D:1      | tilp the Meteoran Fighter began the quest for the Orb.
     0 | D:1      | Reached XP level 1. HP: 19/19 MP: 2/2
   238 | D:2      | Identified the +1 quarterstaff of Leskosi {freeze, rF+
                  | Str+3}
   310 | D:3      | Found a bloodstained altar of Trog.
   321 | D:3      | Reached XP level 2. HP: 26/26 MP: 3/3
   389 | D:4      | Noticed an ogre
   500 | D:3      | Reached skill level 1 in Dodging
   502 | D:3      | Reached XP level 3. HP: 28/33 MP: 4/4
   502 | D:3      | Reached XP level 4. HP: 34/40 MP: 5/5
   562 | D:3      | Found an opulent altar of Gozag.
   653 | D:4      | Noticed Eustachio
   949 | D:4      | Mangled by an ogre

Illustrated notes

Levels and vault maps discovered:
D:1:      minmay_arrival_up_and_down, layout_basic, minivault_11,
          corexii_hall_statues_i, minmay_heptomino_o4
D:2:      layout_basic, nrook_mini_backslash, grunt_decor_junction, minivault_5,
          minmay_misc_feat_rugged, serial_park_tiny_2
D:3:      layout_loops_corners, mainiacjoe_overflow_cross_hatched,
          nicolae_gozag_seed_capital, hangedman_decor_push, minmay_liquid_box
D:4:      due_chaos_kobolds, layout_loops_cross, serial_shops, shop,
          uniq_eustachio, uniq_pikel

Skill      XL: |  1  2 |
---------------+-------+-----
Long Blades    | 3 |  3.9
Dodging        | 1 |  1.8
Fighting       | |  3.8
Throwing       | |  0.7
Armour         | |  3.6
Shields        | |  3.6

Action                     |  1- 3 |  4- 6 || total
---------------------------+-------+-------++-------
  Melee: Long sword        |    51 |    35 ||    86
    Use: Potion            |       |     1 ||     1
 Armour: Scale mail        |    40 |    14 ||    54
  Dodge: Dodged            |    26 |    13 ||    39
  Block: Buckler           |    17 |     9 ||    26

Table legend: (Time is in decaauts)
 A = Elapsed time spent in this place.
 B = Non-inter-level travel time spent in this place.
 C = Inter-level travel time spent in this place.
 D = Time resting spent in this place.
 E = Time spent auto-exploring this place.
 F = Levels seen in this place.
 G = Mean time per level.
                   A        B        C        D        E       F      G
               +--------+--------+--------+--------+--------+-----+--------+
         Total |    974 |    860 |    114 |      0 |      0 |   4 |  243.5 |
       Dungeon |    974 |    860 |    114 |      0 |      0 |   4 |  243.5 |
               +--------+--------+--------+--------+--------+-----+--------+

Top non-repeatable levels by time:
     D:3: 669 daAuts
     D:2: 270 daAuts
     D:1: 27 daAuts
     D:4: 7 daAuts
